 Dungeon Crawl Stone Soup version 0.23.1 (webtiles) character file.

Game seed: 12691079489606010019

741 Kisielow the Cudgeler (level 7, -2/44 HPs)
             Began as a Gargoyle Fighter on Mar 4, 2019.
             Was a Follower of Okawaru.
             Killed by divine providence
             ... invoked by an orc priest
              (12 damage)
             ... on level 6 of the Dungeon.
             The game lasted 00:07:37 (4802 turns).

Kisielow the Cudgeler (Gargoyle Fighter)            Turns: 4802, Time: 00:07:37

Health: -2/44      AC: 14    Str: 21    XL:     7   Next: 75%
Magic:  0/16       EV:  7    Int:  9    God:    Okawaru [*.....]
Gold:   214        SH:  9    Dex:  9    Spells: 6/6 levels left

rFire    . . .     SeeInvis .   j - +0 morningstar
rCold    . . .     Gourm    .   c - +0 shield
rNeg     + . .     Faith    .   b - +0 scale mail
rPois    ∞         Spirit   +   i - +1 hat
rElec    +         Reflect  .   z - scarf {Spirit}
rCorr    .         Harm     .   (no gloves)
MR       .....                  a - +0 pair of boots
Stlth    ..........             (no amulet)
HPRegen  0.14/turn              k - ring of flight
MPRegen  0.15/turn              u - ring of magical power

@: no status effects
A: negative energy resistance 1, electricity resistance, unbreathing,
petrification resistance, rot immunity, AC +4
a: Heroism, Renounce Religion, Evoke Flight


You were on level 6 of the Dungeon.
You worshipped Okawaru.
Okawaru was aware of your devotion.
You were very hungry.

You visited 2 branches of the dungeon, and saw 7 of its levels.

You collected 214 gold pieces.

Inventory:

Hand Weapons
 j - a +0 morningstar (weapon)
Armour
 a - a +0 pair of boots (worn)
 b - a +0 scale mail (worn)
 c - a +0 shield (worn)
 i - a +1 hat (worn)
 z - a scarf of spirit shield (worn)
Jewellery
 k - a ring of flight (left hand)
 u - a ring of magical power (right hand)
 A - an uncursed amulet of guardian spirit {unknown}
Wands
 v - a wand of digging (6)
Scrolls
 p - 4 scrolls of remove curse
 w - a scroll of enchant weapon
 x - 2 scrolls of identify
 y - a scroll of fog
 B - a scroll of teleportation {unknown}
Potions
 d - a potion of might
 e - a potion of magic {unknown}
 g - a potion of agility {unknown}
 h - a potion of resistance {unknown}
 l - 6 potions of curing
 m - a potion of heal wounds
 n - a potion of flight {unknown}
 o - 2 potions of berserk rage {unknown}
 q - 3 potions of lignification {unknown}
 r - a potion of brilliance {unknown}
 s - a potion of haste {unknown}
 t - a potion of mutation {unknown}
Comestibles
 f - 11 rations


   Skills:
 + Level 4.9 Fighting
 * Level 6.2 Maces & Flails
 + Level 4.9 Armour
 + Level 4.9 Shields


You had 6 spell levels left.
You didn't know any spells.
Your spell library was empty.

Dungeon Overview and Level Annotations

Branches:
Dungeon (6/15)             Temple (1/1) D:4

Altars:
Ashenzari
Dithmenos
Elyvilon
Fedhas
Gozag
Hepliaklqana
Makhleb
Nemelex Xobeh
Okawaru
Qazlal
Sif Muna
Vehumet
Wu Jian
Xom
Yredelemnul
Zin


Innate Abilities, Weirdness & Mutations

You are resistant to torment.
Your stone body is resilient. (AC +4)
You are immune to poison.
You resist negative energy. (rN+)
You are resistant to electric shocks. (rElec)
You can survive without breathing.
You are immune to petrification.
You are immune to rotting.


Message History

You sock the orc priest!
The orc priest is heavily wounded.
You block the orc priest's attack.
You sock the orc priest!
You kill the orc priest!
Okawaru accepts your kill.
The orc priest looks satisfied for a moment.
You sock the orc priest!
The orc priest is heavily wounded.
The orc priest calls down the wrath of Beogh upon you.
Beogh smites you!
* * * LOW HITPOINT WARNING * * *
You hit the orc priest.
The orc priest is severely wounded.
You block the orc priest's attack.
You barely miss the orc priest.
The orc priest is severely wounded.
The orc priest mumbles some strange prayers to Beogh against you.
Beogh smites you!
You die...

## .# #[ .# #. .####
##. ....# .. .##.# #.##
.##.# ..# .##.### #o#
......# #@# ###.#.# #.#
###.#.# ########.#
....#.# #........#
#.###.# #.#####..###
...##.###.####.....##.
....................'..
...##.###.###......##..
#.###.# #.# #......# .


You could see an orc priest.

Vanquished Creatures
  A necrophage (D:6)
  An ogre (D:5)
  2 scorpions
  2 hounds (D:4)
  2 orc priests
  Terence (D:3)
  Natasha (thrice) (D:3)
  A worker ant (D:4)
  A hound zombie (D:6)
  7 adders
  A howler monkey skeleton (D:4)
  A shadow imp (D:5)
  An ooze (D:3)
  An adder zombie (D:2)
  2 adder skeletons (D:2)
  3 worms
  3 dart slugs
  4 leopard geckos
  6 orcs
  A ball python (D:2)
  A bat zombie (D:2)
  3 giant cockroaches
  5 goblins
  9 hobgoblins
  19 jackals
  5 kobolds
  4 quokkas (D:2)
  4 bats
  4 frilled lizards
  A jackal skeleton (D:2)
  2 leopard gecko skeletons (D:5)
  2 leopard gecko zombies (D:2)
  3 rats (D:2)
  A toadstool (D:1)
107 creatures vanquished.

Vanquished Creatures (others)
  An orc wizard (D:6)
  A worm (D:3)
  A kobold (D:3)
  3 toadstools (D:1)
6 creatures vanquished.

Grand Total: 113 creatures vanquished

Notes
Turn   | Place    | Note
-------+----------+-------------------------------------------
     0 | D:1      | Kisielow the Gargoyle Fighter began the quest for the Orb.
     0 | D:1      | Reached XP level 1. HP: 14/14 MP: 1/1
    93 | D:1      | Reached XP level 2. HP: 10/19 MP: 2/2
   546 | D:1      | Reached skill level 3 in Maces & Flails
  1254 | D:2      | Found a hazy altar of Hepliaklqana.
  1266 | D:2      | Reached XP level 3. HP: 22/23 MP: 3/3
  1310 | D:2      | Reached skill level 4 in Maces & Flails
  1325 | D:2      | Reached XP level 4. HP: 23/28 MP: 4/4
  1494 | D:2      | Found an opulent altar of Gozag.
  2169 | D:3      | Reached XP level 5. HP: 32/32 MP: 5/5
  2253 | D:3      | Found a shattered altar of Ashenzari.
  2254 | D:3      | Noticed Terence
  2412 | D:3      | Noticed Natasha
  2419 | D:3      | Killed Natasha
  2492 | D:3      | Found a radiant altar of Vehumet.
  2541 | D:3      | Noticed Natasha
  2545 | D:3      | Killed Natasha
  2605 | D:3      | Killed Terence
  2619 | D:3      | Noticed Natasha
  2686 | D:3      | Killed Natasha
  2686 | D:3      | Reached XP level 6. HP: 38/38 MP: 6/6
  2907 | D:3      | Reached skill level 5 in Maces & Flails
  3022 | D:4      | Found a blossoming altar of Fedhas.
  3056 | D:4      | Found a staircase to the Ecumenical Temple.
  3065 | Temple   | Entered the Ecumenical Temple
  3069 | Temple   | Became a worshipper of Warmaster Okawaru
  3484 | D:4      | Found an opulent altar of Gozag.
  3715 | D:5      | Entered Level 5 of the Dungeon
  4092 | D:5      | Reached XP level 7. HP: 39/44 MP: 7/7
  4328 | D:5      | Reached * piety under Okawaru
  4576 | D:6      | Reached skill level 6 in Maces & Flails
  4802 | D:6      | Killed from afar by an orc priest

Skill      XL: |  1  2  3  4  5  6  7 |
---------------+----------------------+-----
Maces & Flails | 3 4 5 6 |  6.2
Fighting       | 4 |  4.9
Shields        | 4 |  4.9
Armour         | 4 |  4.9

Action                   |  1- 3 |  4- 6 |  7- 9 || total
-------------------------+-------+-------+-------++-------
Melee: Flail             |   113 |   187 |       ||   300
       Morningstar       |       |    63 |    49 ||   112
  Use: Scroll            |     2 |     5 |       ||     7
       Potion            |       |       |     3 ||     3
  Eat: Chunk             |       |    11 |     1 ||    12
Armor: Scale mail        |    99 |   147 |    28 ||   274
Dodge: Dodged            |    60 |    99 |     8 ||   167
Block: Shield            |   102 |   135 |    13 ||   250
